 Dungeon Crawl Stone Soup version 0.24.1 (webtiles) character file.

Game seed: 13141451165608648199, levelgen mode: deterministic

259 nightchill the Stinger (level 6, 0/35 HPs)
             Began as a Gargoyle Venom Mage on Mar 25, 2020.
             Was an Initiate of Okawaru.
             Slain by an ogre
             ... wielding a +0 giant club
              (12 damage)
             ... on level 4 of the Dungeon.
             The game lasted 00:14:00 (5856 turns).

nightchill the Stinger (Gargoyle Venom Mage)        Turns: 5856, Time: 00:14:00

Health: 0/35       AC:  8    Str: 14    XL:     6   Next: 17%
Magic:  2/9        EV: 12    Int: 15    God:    Okawaru [......]
Gold:   177        SH:  0    Dex: 10    Spells: 3/9 levels left

rFire    . . .     SeeInvis .   b - +0 club
rCold    . . .     Gourm    .   (no shield)
rNeg     + . .     Faith    .   a - +0 robe
rPois    ∞         Spirit   .   (no helmet)
rElec    +         Reflect  .   m - +1 cloak
rCorr    .         Harm     .   (no gloves)
MR       .....                  (no boots)
Stlth    ++........             (no amulet)
HPRegen  0.11/turn              h - ring of wizardry
MPRegen  0.11/turn              (no ring)

@: no status effects
A: negative energy resistance 1, electricity resistance, unbreathing,
petrification resistance, rot immunity, AC +4
a: Renounce Religion


You were on level 4 of the Dungeon.
You worshipped Okawaru.
Okawaru was noncommittal.
You were not hungry.

You visited 1 branch of the dungeon, and saw 4 of its levels.

You collected 177 gold pieces.

Inventory:

Hand Weapons
 b - a +0 club (weapon)
Missiles
 i - 13 sling bullets
 l - 9 poisoned darts (quivered)
 o - 59 stones
Armour
 a - a +0 robe (worn)
 m - a +1 cloak (worn)
Jewellery
 h - a ring of wizardry (left hand)
Wands
 p - a wand of enslavement (5)
Scrolls
 d - 2 scrolls of identify {unknown}
 e - 2 scrolls of teleportation {unknown}
 f - a scroll of enchant weapon {unknown}
 j - a scroll of enchant armour {unknown}
 r - a scroll of fog {unknown}
 t - a scroll of random uselessness {unknown}
Potions
 g - a potion of resistance {unknown}
 k - 2 potions of curing {unknown}
 n - a potion of degeneration {unknown}
 q - 2 potions of lignification {unknown}
 s - a potion of berserk rage {unknown}
 u - a potion of mutation {unknown}
Comestibles
 c - 4 rations
 v - 2 chunks of flesh


   Skills:
 + Level 2.2 Fighting
 * Level 2.5 Maces & Flails
 - Level 1.5 Dodging
 - Level 2.1 Stealth
 - Level 2.0 Spellcasting
 * Level 3.7 Conjurations
 * Level 4.4 Poison Magic


You had 3 spell levels left.
You knew the following spells:

 Your Spells              Type           Power        Failure   Level  Hunger
a - Sting                 Conj/Pois      ##..         1%          1    #......
b - Poisonous Vapours     Pois/Air       #.....       6%          2    ###....
c - Mephitic Cloud        Conj/Pois/Air  #.......     9%          3    ###....

Your spell library contained the following spells:

 Spells                   Type           Power        Failure   Level  Hunger
 Olgreb's Toxic Radiance  Pois           ##......     14%         4    #####..
 Venom Bolt               Conj/Pois      ##........   41%         5    ######.


Dungeon Overview and Level Annotations

Branches:
Dungeon (4/15)
 Temple: D:4-7

Altars:
Kikubaaqudgha
Nemelex Xobeh
Okawaru
Uskayaw

Annotations:
D:3 1 exclusion, Grinder


Innate Abilities, Weirdness & Mutations

You are resistant to torment.
Your stone body is resilient. (AC +4)
You are immune to poison.
You resist negative energy. (rN+)
You are resistant to electric shocks. (rElec)
You can survive without breathing.
You are immune to petrification.
You are immune to rotting.


Message History

Poisonous vapours surround the scorpion!
The scorpion is engulfed in poison gas.
The scorpion looks even sicker.
You kill the scorpion!
Okawaru is honoured by your kill.
You have reached level 6!
Your experience leads to an increase in your attributes!
Increase (S)trength, (I)ntelligence, or (D)exterity?
You feel stronger.
Casting: Poisonous Vapours (safe; 6% risk of failure)
Confirm with . or Enter, or press ? or * to list all spells.
You don't have enough magic to cast that spell.
The ogre misses you.
Casting: Poisonous Vapours (safe; 6% risk of failure)
Confirm with . or Enter, or press ? or * to list all spells.
You don't have enough magic to cast that spell.
You see here the felid corpse of Natasha.
The ogre hits you with a +0 giant club!!
Ouch! That really hurt!
The ogre hits you with a +0 giant club!
You die...

..................
...............)..
.................[
...............####.
...............#..#.
............._.#(.#.
...............#(.#.
....(.....O....####.
.........@.†........
....................
....................
........).....###...
.......).....## ..
............## #
...........##
..........##
.....#....##


You could see an ogre and 2 dancing weapons.

Vanquished Creatures
  A scorpion (D:4)
  Natasha (D:4)
  A worker ant (D:3)
  5 gnolls
  2 adders
  A worm (D:2)
  A dart slug (D:2)
  2 leopard geckos
  3 orcs
  4 bats
  4 giant cockroaches
  10 goblins
  5 hobgoblins
  17 jackals
  A quokka (D:2)
  A ball python (D:2)
  3 frilled lizards
  10 kobolds
  11 rats
83 creatures vanquished.

Notes
Turn   | Place    | Note
-------+----------+-------------------------------------------
     0 | D:1      | nightchill the Gargoyle Venom Mage began the quest for the
                  | Orb.
     0 | D:1      | Reached XP level 1. HP: 10/10 MP: 3/3
   264 | D:1      | Reached XP level 2. HP: 4/16 MP: 0/5
   496 | D:1      | Learned a level 2 spell: Poisonous Vapours
  1653 | D:1      | Reached XP level 3. HP: 20/20 MP: 6/6
  2017 | D:1      | Learned a level 3 spell: Mephitic Cloud
  2283 | D:2      | Reached skill level 1 in Fighting
  2868 | D:2      | Found an ancient bone altar of Kikubaaqudgha.
  2916 | D:2      | Reached skill level 1 in Maces & Flails
  3299 | D:2      | Reached XP level 4. HP: 17/25 MP: 3/7
  3645 | D:2      | Found a sparkling altar of Nemelex Xobeh.
  3991 | D:2      | Found an iron altar of Okawaru.
  4286 | D:2      | Became a worshipper of Warmaster Okawaru
  4639 | D:3      | Reached skill level 4 in Poison Magic
  4639 | D:3      | Reached XP level 5. HP: 27/30 MP: 5/8
  5614 | D:3      | Noticed Grinder
  5647 | D:4      | Found a hide-covered altar of Uskayaw.
  5650 | D:4      | Noticed a +0 dagger
  5651 | D:4      | Noticed a +0 hand axe
  5807 | D:4      | Noticed Natasha
  5816 | D:4      | Killed Natasha
  5832 | D:4      | Noticed an ogre
  5837 | D:4      | Reached XP level 6. HP: 30/35 MP: 0/9
  5856 | D:4      | Slain by an ogre

Levels and vault maps discovered:
D:1:      dpeg_arrival_refuge, layout_loops_ring
D:2:      layout_loops_corners, lemuel_crystal_altar, okawaru_altar_gauntlet_db,
          nemelex_xobeh_ov_fountains_minmay, minmay_fractal_squares_5
D:3:      layout_loops_corners, uniq_grinder
D:4:      minmay_evil_eye, layout_layer_cave, nicolae_overflow_hidden_temple,
          dancing_weapons_uskayaw, first_ration, uniq_natasha

Skill      XL: |  1  2  3  4  5 |
---------------+----------------+-----
Conjurations   | 2 3 |  3.7
Fighting       | 1 2 |  2.2
Maces & Flails | 1 2 |  2.5
Poison Magic   | 4 |  4.4
Dodging        | |  1.5
Stealth        | |  2.1
Spellcasting   | |  2.0

Action                   |  1- 3 |  4- 6 || total
-------------------------+-------+-------++-------
Melee: Club              |   205 |   183 ||   388
       Unarmed           |     6 |       ||     6
Throw: Throwing net      |       |     1 ||     1
 Cast: Sting             |    12 |     1 ||    13
       Poisonous Vapours |    13 |    15 ||    28
       Mephitic Cloud    |     4 |     3 ||     7
 Stab: Sleeping          |     3 |     3 ||     6
       Confused          |     3 |     1 ||     4
  Eat: Chunk             |     6 |    10 ||    16
       Ration            |     1 |       ||     1
Armor: Robe              |    95 |    78 ||   173
Dodge: Dodged            |   203 |   134 ||   337
